 Dungeon Crawl Stone Soup version 0.23.0 (webtiles) character file.

Game seed: 10131047865012791970

332997 Theophrastus the Warrior (level 22, -7/198 HPs)
             Began as a Formicid Fighter on Feb 11, 2019.
             Was a High Priest of the Shining One.
             Killed from afar by a titan (46 damage)
             ... with a bolt of lightning
             ... created by the fury of Okawaru
             ... on level 3 of the Vaults.
             The game lasted 02:10:57 (38601 turns).

Theophrastus the Warrior (Formicid Fighter)        Turns: 38601, Time: 02:10:58

Health: -7/198     AC: 31    Str: 38    XL:     22   Next: 78%
Magic:  20/33      EV: 25    Int:  9    God:    the Shining One [*****.]
Gold:   2046       SH: 44    Dex: 25    Spells: 21/21 levels left

rFire    . . .     SeeInvis +   a - +8 lajatang (venom)
rCold    . . .     Gourm    .   y - +2 large shield {AC+3}
rNeg     + + +     Faith    .   t - +2 pearl dragon scales
rPois    .         Spirit   .   (helmet unavailable)
rElec    .         Reflect  +   O - +2 cloak of Huosaxu {+Inv Str+2 Dex+10 Stlth-}
rCorr    .         Harm     .   r - +1 pair of gloves {Str+3}
MR       ++++.                  K - +2 pair of boots of Satisfaction {+Blink Str+5 Dex+3}
Stlth    ..........             X - +6 amulet of reflection
HPRegen  0.43/turn              u - ring of protection from magic
MPRegen  0.23/turn              B - ring of protection from magic

@: divine shield, glowing
A: permanent stasis, dig shafts and tunnels, four strong arms, antennae 3,
talons 1, agile 1, blurry vision 1, robust 1, weak 1, evolution 1
}: 2/15 runes: serpentine, barnacled
a: Dig, Shaft Self, Divine Shield, Cleansing Flame, Summon Divine Warrior,
Renounce Religion, Evoke Invisibility


You were on level 3 of the Vaults.
You worshipped the Shining One.
The Shining One was extremely pleased with you.
You were hungry.

You visited 6 branches of the dungeon, and saw 35 of its levels.
You also visited: Bailey, Gauntlet and Wizlab.

You collected 3916 gold pieces.
You spent 1870 gold pieces at shops.

Inventory:

Hand Weapons
 a - a +8 lajatang of venom (weapon)
 b - a +5 arbalest
 c - a +3 quarterstaff of crushing
 I - a +2 lajatang of venom
 Y - a +5 quarterstaff of speed
Missiles
 k - 14 throwing nets (quivered)
 m - 1066 bolts
Armour
 r - a +1 pair of gloves of strength (worn)
 t - +2 pearl dragon scales (worn)
 x - the +1 pair of gloves "Ruq Peawk" {rElec}
   (Okawaru gifted it to you on level 2 of the Orcish Mines)

   It insulates you from electricity.
 y - a +2 large shield of protection (worn)
 K - the +2 pair of boots of Satisfaction (worn) {+Blink Str+5 Dex+3}
   (Okawaru gifted it to you on level 10 of the Dungeon)

   It affects your strength (+5).
   It affects your dexterity (+3).
   It lets you blink.
 O - the +2 cloak of Huosaxu (worn) {+Inv Str+2 Dex+10 Stlth-}
   (You acquired it on level 1 of the Lair of Beasts)

   It affects your strength (+2).
   It affects your dexterity (+10).
   It lets you turn invisible.
   It makes you less stealthy.
Jewellery
 d - an uncursed ring of resist corrosion
 s - a +5 ring of strength
 u - a ring of protection from magic (left hand)
 w - the ring "Xouh" {rElec rF+ Dex+5}
   (You found it in a Gauntlet)

   [ring of dexterity]

   It affects your dexterity (+5).
   It protects you from fire.
   It insulates you from electricity.
 z - an uncursed ring of protection from cold
 B - a ring of protection from magic (right hand)
 G - an uncursed ring of positive energy
 H - an uncursed ring of protection from fire
 J - a +3 ring of protection
 T - an uncursed ring of protection from cold
 W - an uncursed ring of poison resistance
 X - a +6 amulet of reflection (around neck)
Wands
 v - a wand of flame (13)
 S - a wand of disintegration (12)
Scrolls
 e - 9 scrolls of fog
 g - 4 scrolls of identify
 i - 12 scrolls of remove curse
 p - 7 scrolls of amnesia
 q - 5 scrolls of magic mapping
 E - 11 scrolls of fear
 F - 8 scrolls of immolation
 Q - 4 scrolls of vulnerability
 U - 2 scrolls of summoning
 V - 2 scrolls of holy word
Potions
 h - 10 potions of curing
 j - 10 potions of brilliance
 l - 5 potions of flight
 n - 2 potions of lignification
 o - a potion of agility
 D - 7 potions of resistance
 L - 4 potions of cancellation
 M - 2 potions of heal wounds
 N - 4 potions of magic
 P - 3 potions of ambrosia
 R - 2 potions of invisibility
Comestibles
 f - 59 rations


   Skills:
 * Level 16.7 Fighting
 - Level 14.1 Staves
 - Level 10.0 Crossbows
 - Level 15.0 Armour
 - Level 15.0 Dodging
 - Level 15.8 Shields
 * Level 13.0 Invocations
 - Level 15.1 Evocations


You had 21 spell levels left.
You didn't know any spells.
Your spell library contained the following spells:

 Spells                   Type           Power        Failure   Level  Hunger
 Animate Skeleton         Necr           N/A          54%         1    ##.....
 Apportation              Tloc           #.....       54%         1    ##.....
 Beastly Appendage        Tmut           #.....       54%         1    ##.....
 Confusing Touch          Hex            #.....       54%         1    ##.....
 Corona                   Hex            #......      54%         1    ##.....
 Freeze                   Ice            #...         54%         1    ##.....
 Magic Dart               Conj           #...         54%         1    ##.....
 Sandblast                Erth           #.....       54%         1    ##.....
 Shock                    Conj/Air       #...         54%         1    ##.....
 Summon Small Mammal      Summ           #...         54%         1    ##.....
 Call Imp                 Summ           #.......     69%         2    ###....
 Corpse Rot               Necr           N/A          69%         2    ###....
 Ensorcelled Hibernation  Hex/Ice        #.....       69%         2    ###....
 Passwall                 Tmut/Erth      #.......     69%         2    ###....
 Slow                     Hex            #.......     69%         2    ###....
 Sticks to Snakes         Tmut           #.......     69%         2    ###....
 Swiftness                Chrm/Air       #.......     69%         2    ###....
 Throw Frost              Conj/Ice       #.....       69%         2    ###....
 Confuse                  Hex            #.......     89%         3    ####...
 Conjure Flame            Conj/Fire      #.......     89%         3    ####...
 Dazzling Spray           Conj/Hex       #.....       89%         3    ####...
 Mephitic Cloud           Conj/Pois/Air  #.......     89%         3    ####...
 Ozocubu's Armour         Chrm/Ice       #.......     89%         3    ####...
 Recall                   Summ/Tloc      N/A          89%         3    ####...
 Spider Form              Tmut/Pois      #.........   89%         3    ####...
 Static Discharge         Conj/Air       #.......     89%         3    ####...
 Stone Arrow              Conj/Erth      #.....       89%         3    ####...
 Tukima's Dance           Hex            #.......     89%         3    ####...
 Vampiric Draining        Necr           #.........   89%         3    ####...
 Airstrike                Air            #.........   100%        4    #####..
 Ice Form                 Ice/Tmut       #.......     100%        4    #####..
 Petrify                  Tmut/Erth      #.......     100%        4    #####..
 Summon Ice Beast         Ice/Summ       #.......     100%        4    #####..
 Throw Icicle             Conj/Ice       #.......     100%        4    #####..
 Agony                    Necr           #.......     100%        5    ######.
 Aura of Abjuration       Summ           #.........   100%        5    ######.
 Blade Hands              Tmut           #.........   100%        5    ######.
 Dispel Undead            Necr           #.......     100%        5    ######.
 Excruciating Wounds      Chrm/Necr      #.........   100%        5    ######.
 Lee's Rapid Deconstruct  Erth           #.........   100%        5    ######.
 Lightning Bolt           Conj/Air       #.........   100%        5    ######.
 Summon Demon             Summ           #.........   100%        5    ######.
 Summon Forest            Summ/Tloc      #.........   100%        5    ######.
 Summon Mana Viper        Hex/Summ       #.......     100%        5    ######.
 Shadow Creatures         Summ           N/A          100%        6    #######
 Blink                    Tloc           Unusable     N/A         2    N/A

Dungeon Overview and Level Annotations

Branches:
Dungeon (15/15)            Temple (0/1) D:6            Lair (6/6) D:9
 Shoals (4/4) Lair:4        Snake (4/4) Lair:2        Slime (0/5) Lair:6
    Orc (2/2) D:10            Elf (0/3) Orc:2        Vaults (4/5) D:13
  Crypt (0/3) Vaults:3     Depths (0/5) D:15

Altars:
Ashenzari
Dithmenos
Fedhas
Gozag
Hepliaklqana
Nemelex Xobeh
Okawaru
Qazlal
Trog
Vehumet
Xom
Yredelemnul
The Shining One

Shops:
D:6 =   Orc:2 }}!*=}[=*   Snake:2 (   Vaults:1 [


Innate Abilities, Weirdness & Mutations

You cannot be hasted, slowed, berserked, paralysed or teleported.
You can dig through walls and to a lower floor.
Your four strong arms can wield two-handed weapons with a shield.
You have a pair of large antennae on your head. (SInv)
You have sharp toenails.
You are agile. (Dex +2)
Scrolls take you a little longer to read.
You are robust. (+10% HP)
You are weak. (Str -2)
You evolve.


Message History

The stone giant throws a large rock.
You reflect the large rock off an invisible shield around you!
The large rock hits the stone giant!
The large rock disappears in a puff of smoke!
The golden flame engulfs you but does no damage.
You resist.
The golden flame engulfs the frost giant!!
The frost giant is heavily wounded.
The golden flame engulfs the titan.
The titan is lightly wounded.
The golden flame engulfs the titan!!
The titan is severely wounded.
The golden flame engulfs the stone giant!!
The stone giant is heavily wounded.
The golden flame engulfs the frost giant!!
The frost giant is moderately wounded.
You feel somewhat more hungry. The titan casts a spell at you.
The bolt of lightning hits you!!!
You die...

#
#..........#
#..... #
#..........#
#..... #
..........#
#.....
#####+###
.........#
#.....
.........
........#
#.....
.........
.......#
#.....
.........
.C....#
#.....
.########
#####CC...#
#..... .#
#...+@†C..#
#..... .# {
#...#.C...#
#..... .#
#...#.....#
#..... .#
..####...(.#
#..... .#
.... #.....#
#..... .#
.... #.....#
..... .# ...
#.....# ....
.# ...
#..†††# ...
.# #.....#
...


You could see 2 titans, 2 frost giants and a stone giant.

Vanquished Creatures
  An ancient lich (WizLab)
  Vashnia (Snake:3)
  Saint Roka (Vaults:2)
  The ghost of Getoffmy the Slayer, a veteran GrFi of Wu Jian (Vaults:2)
  A deep elf blademaster (Vaults:2)
  A deep elf master archer (Vaults:2)
  Asterion (Vaults:2)
  6 titans
  2 krakens
  Kirke (Snake:3)
  6 nagarajas (Snake:4)
  Ilsuiw (Shoals:3)
  2 frost giants
  4 fire giants
  6 vault wardens
  A deep elf sorcerer (Vaults:2)
  A ghoul (Vaults:1)
  3 orc warlords
  A green draconian (WizLab)
  6 ironheart preservers (Vaults:2)
  2 deep elf demonologists (Vaults:2)
  8 stone giants
  A dire elephant (D:15)
  4 minotaurs
  2 ettins
  2 deep elf death magi
  9 merfolk javelineers
  8 merfolk impalers
  3 mummy priests (WizLab)
  4 yaktaur captains
  10 hydras
  5 ogre magi
  A rakshasa (Vaults:3)
  19 naga warriors
  Harold (D:7)
  4 vault guards (D:13)
  4 merfolk avatars
  An ice dragon (Vaults:1)
  5 centaur warriors
  15 two-headed ogres
  8 anacondas
  2 alligator snapping turtles
  3 death knights
  7 catoblepae
  4 merfolk aquamancers
  A dancing weapon (Vaults:2)
  The ghost of toni2068 the Thaumaturge, a journeyman SpCj of Vehumet (Lair:1)
  A satyr (Shoals:3)
  13 death yaks
  3 orc high priests (Orc:2)
  18 naga sharpshooters
  8 shock serpents
  The ghost of DonRocco the Slinger, a novice HaHu of Dithmenos (D:10)
  Urug (D:11)
  5 deep elf knights
  Sonja (D:11)
  4 salamander mystics (Snake:4)
  6 unseen horrors
  8 sea snakes
  6 skeletal warriors
  A shadow wraith (Vaults:2)
  5 naga ritualists
  2 wizards
  3 fire giant zombies (WizLab)
  A sphinx zombie (WizLab)
  33 harpies
  5 deep elf archers
  7 ironbrand convokers
  A necromancer (Vaults:2)
  15 orc knights
  10 mana vipers
  30 ugly things
  A stone giant zombie (Vaults:2)
  6 orc sorcerers
  4 wolf spiders
  7 fauns
  9 deep elf magi
  5 salamanders
  12 manticores
  11 vault sentinels
  5 cyclopes
  A black mamba (shapeshifter) (Vaults:1)
  14 elephants
  4 centaur zombies
  2 torpor snails
  6 guardian serpents (Snake:4)
  20 naga magi
  An apocalypse crab (Gauntlet)
  27 black mambas
  6 water nymphs
  2 demonspawn zombies (WizLab)
  A stone giant skeleton (Vaults:2)
  10 merfolk sirens
  4 molten gargoyles (D:11)
  14 spiny frogs
  7 rime drakes
  A gargoyle (D:15)
  19 yaktaurs
  6 komodo dragons
  An efreet (D:13)
  A yaktaur (shapeshifter) (Vaults:2)
  4 freezing wraiths
  3 guardian mummies (WizLab)
  39 merfolk
  3 trolls
  A queen bee (Gauntlet)
  3 meliai (D:14)
  A polar bear (Lair:2)
  2 hornets
  A polar bear (shapeshifter) (Vaults:3)
  A hornet (shapeshifter) (Vaults:1)
  2 trolls (shapeshifter)
  5 wind drakes
  11 hippogriffs
  14 slime creatures
  A hippogriff (shapeshifter) (D:13)
  22 blink frogs
  3 dream sheep (Shoals:2)
  6 snapping turtles
  An ice dragon zombie (WizLab)
  A spriggan zombie (WizLab)
  A meliai zombie (D:14)
  2 spriggans (Lair:2)
  9 water elementals
  2 shadows
  A tarantella (shapeshifter) (Vaults:2)
  10 wyverns
  2 wraiths
  10 basilisks
  61 yaks
  2 hogs (Snake:3)
  A hungry ghost (D:12)
  Eustachio (D:6)
  10 vampire mosquitoes
  A yaktaur simulacrum (Vaults:2)
  53 nagas
  An acid dragon (D:12)
  Edmund (D:6)
  7 wargs
  Menkaure (D:4)
  A spatial vortex (Gauntlet)
  10 water moccasins
  6 porcupines
  An ettin simulacrum (Vaults:1)
  3 black bears
  3 ice beasts
  5 sky beasts
  A human zombie (WizLab)
  37 orc warriors
  10 boggarts
  A black bear (shapeshifter) (Vaults:1)
  31 ogres
  5 phantoms
  12 wolves
  17 centaurs
  15 crocodiles
  2 big kobolds
  10 bullfrogs
  A gnoll sergeant (D:12)
  2 wyvern zombies
  5 scorpions
  A wyvern skeleton (D:14)
  19 killer bees
  2 tengu zombies (WizLab)
  A human simulacrum (Vaults:1)
  3 wights (D:11)
  3 electric eels (Lair:2)
  6 crimson imps
  2 bullfrog zombies
  A quasit (D:13)
  6 centaur skeletons
  5 hounds
  A jelly (D:5)
  A lava snake (D:11)
  17 orc priests
  21 orc wizards
  3 bullfrog skeletons
  4 iguanas
  15 worker ants
  A killer bee zombie (D:6)
  A hound skeleton (D:5)
  15 gnolls
  16 adders
  8 shadow imps
  An ooze (D:1)
  2 adder skeletons
  2 worms
  2 dart slugs
  6 leopard geckos
  106 orcs
  7 ball pythons
  11 giant cockroaches
  13 goblins
  10 hobgoblins
  12 jackals
  5 quokkas
  6 bats
  6 frilled lizards
  2 jackal skeletons
  29 kobolds
  A quokka skeleton (D:4)
  6 rats
  A butterfly (Lair:3)
  A fungus (Lair:2)
  A plant (Shoals:1)
  7 tentacles
1443 creatures vanquished.

Vanquished Creatures (others)
  Nikola (Vaults:2)
  Polyphemus (Shoals:4)
  A nagaraja (Snake:4)
  A stone giant (Vaults:1)
  3 merfolk javelineers
  A yaktaur captain (Vaults:2)
  A naga warrior (Snake:4)
  2 two-headed ogres (Vaults:2)
  An ogre mage (Vaults:2)
  5 naga sharpshooters
  A deep elf archer (Vaults:2)
  A deep elf mage (D:15)
  A harpy (Shoals:4)
  3 fauns
  7 yaktaurs
  A merfolk (Vaults:2)
  A naga (Vaults:2)
  2 ogres (Vaults:2)
  A bush (D:6)
  4 fungi (Lair:6)
  14 plants
  22 tentacles
75 creatures vanquished.

Grand Total: 1518 creatures vanquished

Notes
Turn   | Place    | Note
-------+----------+-------------------------------------------
     0 | D:1      | Theophrastus the Formicid Fighter began the quest for the
                  | Orb.
     0 | D:1      | Reached XP level 1. HP: 18/18 MP: 1/1
    44 | D:1      | Reached XP level 2. HP: 22/24 MP: 2/2
   352 | D:1      | Reached XP level 3. HP: 27/29 MP: 3/3
   632 | D:2      | Found a shadowy altar of Dithmenos.
   723 | D:2      | Reached XP level 4. HP: 35/35 MP: 4/4
   850 | D:2      | Reached skill level 5 in Shields
   881 | D:2      | Found a blossoming altar of Fedhas.
  1105 | D:2      | Reached XP level 5. HP: 22/41 MP: 5/5
  1445 | D:3      | Found an iron altar of Okawaru.
  1457 | D:3      | Became a worshipper of Warmaster Okawaru
  1547 | D:3      | Found a shattered altar of Ashenzari.
  1893 | D:3      | Reached XP level 6. HP: 47/47 MP: 6/6
  2088 | D:3      | Found a glowing golden altar of the Shining One.
  2093 | D:3      | Found a radiant altar of Vehumet.
  2094 | D:3      | Found a hazy altar of Hepliaklqana.
  2094 | D:3      | Found a bloodstained altar of Trog.
  2094 | D:3      | Found a basalt altar of Yredelemnul.
  2578 | D:4      | Reached skill level 5 in Staves
  2702 | D:4      | Noticed Menkaure
  2708 | D:4      | Killed Menkaure
  2708 | D:4      | Reached * piety under Okawaru
  2708 | D:4      | Reached XP level 7. HP: 35/52 MP: 7/7
  3513 | D:5      | Entered Level 5 of the Dungeon
  3593 | D:5      | Reached XP level 8. HP: 38/58 MP: 8/8
  4066 | D:5      | Reached ** piety under Okawaru
  4580 | D:5      | Found a stormy altar of Qazlal.
  4703 | D:5      | Reached XP level 9. HP: 35/64 MP: 9/9
  4853 | D:6      | Found a staircase to the Ecumenical Temple.
  5340 | D:6      | Reached *** piety under Okawaru
  5341 | D:6      | Noticed Edmund
  5354 | D:6      | Killed Edmund
  5397 | D:6      | Reached skill level 10 in Staves
  5415 | D:6      | Found Utean's Jewellery Shop.
  5430 | D:6      | Bought a +5 ring of strength for 412 gold pieces
  5494 | D:6      | Noticed Eustachio
  5506 | D:6      | Killed Eustachio
  6143 | D:7      | Noticed Harold
  6165 | D:7      | Killed Harold
  6165 | D:7      | Reached **** piety under Okawaru
  6165 | D:7      | Reached XP level 10. HP: 60/70 MP: 10/10
  6681 | D:7      | Found a blossoming altar of Fedhas.
  7157 | D:7      | Found a sparkling altar of Nemelex Xobeh.
  7158 | D:7      | Found an opulent altar of Gozag.
  7328 | D:8      | Reached skill level 5 in Armour
  7346 | D:8      | Noticed a two-headed ogre
  7354 | D:8      | Killed a two-headed ogre
  7714 | D:8      | Reached ***** piety under Okawaru
  8096 | D:8      | Reached XP level 11. HP: 38/75 MP: 11/11
  8301 | D:9      | Found an iron altar of Okawaru.
  8791 | D:9      | Found a staircase to the Lair.
  8885 | D:9      | Got a distressingly furry cloak
  8891 | D:9      | Identified the +0 cloak of Pewk {Dex+4} (You found it on
                  | level 9 of the Dungeon)
  8990 | D:10     | Entered Level 10 of the Dungeon
  8995 | D:10     | Received a gift from Okawaru
  8999 | D:10     | Got a pair of heavily runed boots {god gift}
  9005 | D:10     | Identified the +2 pair of boots of Satisfaction {+Blink
                  | Str+5 Dex+3} (Okawaru gifted it to you on level 10 of the
                  | Dungeon)
  9188 | D:10     | Found a staircase to the Orcish Mines.
  9197 | D:10     | Noticed an unseen horror
  9213 | D:10     | Killed an unseen horror
  9424 | D:10     | Noticed DonRocco's ghost (novice HaHu)
  9425 | D:10     | Found a runed translucent door.
  9450 | D:10     | Killed DonRocco's ghost
  9880 | D:11     | Reached skill level 1 in Invocations
  9961 | D:11     | Noticed a five-headed hydra
  9961 | D:11     | Noticed a centaur warrior
  9961 | D:11     | Noticed a six-headed hydra
  9981 | D:10     | Killed a six-headed hydra
 10139 | D:11     | Killed a five-headed hydra
 10139 | D:11     | Reached XP level 12. HP: 56/81 MP: 10/14
 10140 | D:11     | Noticed a catoblepas
 10304 | D:11     | Noticed Sonja
 10513 | D:11     | Killed Sonja
 10513 | D:11     | Reached skill level 10 in Armour
 10673 | D:11     | Noticed an unseen horror
 10688 | D:11     | Noticed Urug
 10710 | D:11     | Killed an unseen horror
 10725 | D:11     | Killed Urug
 10725 | D:11     | Reached skill level 4 in Fighting
 11003 | D:11     | Killed a centaur warrior
 11003 | D:11     | Reached skill level 5 in Fighting
 11003 | D:11     | Reached skill level 5 in Invocations
 11358 | D:11     | Killed a catoblepas
 11433 | D:11     | Received a gift from Okawaru
 11433 | D:11     | Reached skill level 6 in Fighting
 11844 | D:12     | Reached skill level 7 in Fighting
 12089 | D:12     | Got an encrusted chain mail
 12100 | D:12     | Identified the cursed +1 chain mail of Blue Skies {Str+2}
                  | (You found it on level 12 of the Dungeon)
 12649 | D:13     | Reached skill level 8 in Fighting
 12721 | D:13     | Noticed a five-headed hydra
 12734 | D:13     | Killed a five-headed hydra
 12734 | D:13     | Reached XP level 13. HP: 79/99 MP: 18/18
 12761 | D:13     | Received a gift from Okawaru
 12826 | D:13     | Reached skill level 9 in Fighting
 12911 | D:13     | Found a flagged portal.
 12920 | Bailey   | Entered a bailey
 12925 | Bailey   | Noticed an orc warlord
 13008 | Bailey   | Found a runed translucent gate.
 13010 | Bailey   | Found a runed translucent gate.
 13014 | Bailey   | Found a runed translucent gate.
 13088 | Bailey   | Killed an orc warlord
 13088 | Bailey   | Reached skill level 1 in Crossbows
 13183 | D:13     | Reached skill level 10 in Fighting
 13250 | D:13     | Found a gate to the Vaults.
 13250 | D:13     | Noticed a vault guard
 13250 | D:13     | Noticed a vault guard
 13250 | D:13     | Noticed a vault guard
 13250 | D:13     | Noticed a vault guard
 13259 | D:13     | Killed a vault guard
 13264 | D:13     | Killed a vault guard
 13268 | D:13     | Killed a vault guard
 13273 | D:13     | Reached skill level 11 in Fighting
 13283 | D:13     | Killed a vault guard
 13376 | D:13     | Noticed a catoblepas
 13403 | D:13     | Killed a catoblepas
 13475 | D:13     | Received a gift from Okawaru
 13489 | D:13     | Identified a +0 pair of boots of running (Okawaru gifted it
                  | to you on level 13 of the Dungeon)
 13552 | D:13     | Reached skill level 12 in Fighting
 13706 | D:14     | Noticed a six-headed hydra
 13720 | D:14     | Killed a six-headed hydra
 14374 | D:14     | Noticed a centaur warrior
 14386 | D:14     | Killed a centaur warrior
 14386 | D:14     | Reached skill level 5 in Crossbows
 14386 | D:14     | Reached skill level 10 in Shields
 14386 | D:14     | Reached XP level 14. HP: 99/115 MP: 20/20
 15272 | Orc:1    | Entered Level 1 of the Orcish Mines
 15924 | Orc:2    | Entered Level 2 of the Orcish Mines
 15938 | Orc:2    | Found Xoyrasylu's Jewellery Boutique.
 15941 | Orc:2    | Noticed a stone giant
 15955 | Orc:2    | Killed a stone giant
 15972 | Orc:2    | Found Hymmie Iqow's General Store.
 15992 | Orc:2    | Found a staircase to the Elven Halls.
 16179 | Orc:2    | Found Dirph's Gadget Shop.
 16181 | Orc:2    | Noticed an orc warlord
 16196 | Orc:2    | Found Fets's Antique Armour Shop.
 16302 | Orc:2    | Killed an orc warlord
 16305 | Orc:2    | Received a gift from Okawaru
 16344 | Orc:2    | Got a pair of faintly humming gloves {god gift}
 16350 | Orc:2    | Identified the +1 pair of gloves "Ruq Peawk" {rElec}
                  | (Okawaru gifted it to you on level 2 of the Orcish Mines)
 16414 | Orc:2    | Noticed an orc warlord
 16431 | Orc:2    | Killed an orc warlord
 16767 | Orc:2    | Found Giuwag's General Store.
 16767 | Orc:2    | Found Vanniss's Jewellery Boutique.
 16798 | Orc:2    | Found Yfyoxuecs's Gadget Shop.
 16853 | Orc:2    | Found Keschezirch's Gadget Shoppe.
 16853 | Orc:2    | Found Decutan's Distillery.
 16859 | Orc:2    | Bought 2 potions of heal wounds for 110 gold pieces
 16862 | Orc:2    | Bought a potion of ambrosia for 112 gold pieces
 16864 | Orc:2    | Bought an uncursed ring of poison resistance for 300 gold
                  | pieces
 16916 | Orc:2    | Bought a +6 amulet of reflection for 936 gold pieces
 17268 | Lair:1   | Entered Level 1 of the Lair of Beasts
 17503 | Lair:1   | Found a runed translucent gate.
 17503 | Lair:1   | Found a runed translucent gate.
 17504 | Lair:1   | Found a runed translucent gate.
 17507 | Lair:1   | Identified a scroll of acquirement
 17511 | Lair:1   | Got a polished cloak
 17522 | Lair:1   | Identified the +2 cloak of Huosaxu {+Inv Str+2 Dex+10
                  | Stlth-} (You acquired it on level 1 of the Lair of Beasts)
 17524 | Lair:1   | Noticed a minotaur
 17524 | Lair:1   | Noticed toni2068's ghost (journeyman SpCj)
 17536 | Lair:1   | Killed a minotaur
 17536 | Lair:1   | Reached XP level 15. HP: 120/120 MP: 13/21
 17542 | Lair:1   | Killed toni2068's ghost
 17670 | Lair:1   | Received a gift from Okawaru
 17697 | Lair:1   | Reached skill level 15 in Shields
 18222 | Lair:2   | Found a staircase to the Snake Pit.
 18928 | Lair:3   | Found a gate leading to a gauntlet.
 18933 | Lair:3   | Reached skill level 1 in Dodging
 18967 | Gauntlet | Entered a Gauntlet
 18967 | Gauntlet | Found a transporter.
 18977 | Gauntlet | Found a transporter.
 18991 | Gauntlet | Found a transporter.
 18996 | Gauntlet | Found a transporter.
 19011 | Gauntlet | Found a transporter.
 19030 | Gauntlet | Found a transporter.
 19031 | Gauntlet | Noticed a cacodemon
 19042 | Gauntlet | Found a transporter.
 19048 | Gauntlet | Found a transporter.
 19063 | Gauntlet | Found a transporter.
 19075 | Gauntlet | Found a transporter.
 19087 | Gauntlet | Found a transporter.
 19104 | Gauntlet | Found a transporter.
 19122 | Gauntlet | Found a transporter.
 19124 | Gauntlet | Found a transporter.
 19151 | Gauntlet | Found a transporter.
 19171 | Gauntlet | Found a transporter.
 19261 | Gauntlet | Found a transporter.
 19367 | Gauntlet | Found a transporter.
 19522 | Gauntlet | Got a scorched amber ring
 19530 | Gauntlet | Identified the ring "Xouh" {rElec rF+ Dex+5} (You found it
                  | in a Gauntlet)
 19548 | Gauntlet | Identified the +4 rapier "Ulastrusi" {pierce, rC- Str+7}
 19558 | Gauntlet | Received a gift from Okawaru
 19577 | Gauntlet | Identified the Guide on Twisted Ice
 19579 | Gauntlet | Got a twisted robe
 20389 | Lair:4   | Reached skill level 10 in Invocations
 20405 | Lair:4   | Reached skill level 1 in Evocations
 20438 | Lair:4   | Reached skill level 5 in Dodging
 20576 | Lair:4   | Reached ****** piety under Okawaru
 20588 | Lair:4   | Reached XP level 16. HP: 98/127 MP: 23/23
 20783 | Lair:4   | Found a staircase to the Shoals.
 21191 | Lair:5   | You fall through a shaft!
 21191 | Lair:6   | Entered Level 6 of the Lair of Beasts
 21202 | Lair:6   | Received a gift from Okawaru
 21728 | Lair:5   | Received a gift from Okawaru
 22472 | Lair:6   | Reached skill level 5 in Evocations
 22757 | Lair:6   | Gained mutation: You are resistant to electric shocks.
                  | (rElec) [potion of mutation]
 22757 | Lair:6   | Gained mutation: You possess an exceptional clarity of
                  | mind. [potion of mutation]
 22757 | Lair:6   | Lost mutation: You possess an exceptional clarity of mind.
                  | [potion of mutation]
 22757 | Lair:6   | Gained mutation: You are agile. (Dex +2) [potion of
                  | mutation]
 23050 | Lair:6   | Found a staircase to the Slime Pits.
 23510 | D:15     | Entered Level 15 of the Dungeon
 23585 | D:15     | Reached XP level 17. HP: 133/133 MP: 24/24
 23632 | D:15     | Reached skill level 10 in Dodging
 23657 | D:15     | Received a gift from Okawaru
 24060 | D:15     | Received a gift from Okawaru
 24108 | D:15     | Found a staircase to the Depths.
 24132 | D:15     | Reached XP level 18. HP: 140/140 MP: 25/25
 24361 | D:14     | Received a gift from Okawaru
 24473 | Snake:1  | Entered Level 1 of the Snake Pit
 24762 | Snake:1  | Reached skill level 10 in Evocations
 24805 | Snake:1  | Received a gift from Okawaru
 25062 | Snake:1  | Received a gift from Okawaru
 25223 | Snake:1  | Lost mutation: You are resistant to electric shocks.
                  | (rElec) [potion of mutation]
 25223 | Snake:1  | Lost mutation: You are agile. (Dex +2) [potion of mutation]
 25223 | Snake:1  | Gained mutation: You are somewhat resistant to further
                  | mutation. [potion of mutation]
 25495 | Snake:2  | Reached skill level 10 in Crossbows
 25510 | Snake:2  | Found Gennu's Weapon Boutique.
 26128 | Snake:3  | Noticed Kirke
 26147 | Snake:3  | Killed Kirke
 26173 | Snake:3  | Lost mutation: You are somewhat resistant to further
                  | mutation. [potion of mutation]
 26173 | Snake:3  | Gained mutation: You have sharp toenails. [potion of
                  | mutation]
 26173 | Snake:3  | Gained mutation: You evolve. [potion of mutation]
 26173 | Snake:3  | Gained mutation: You are agile. (Dex +2) [potion of
                  | mutation]
 26215 | Snake:3  | Received a gift from Okawaru
 26228 | Snake:3  | Noticed Vashnia
 26268 | Snake:3  | Killed Vashnia
 26364 | Snake:3  | Gained mutation: You are weak. (Str -2) [evolution]
 26568 | Snake:4  | Entered Level 4 of the Snake Pit
 26727 | Snake:4  | Reached XP level 19. HP: 124/146 MP: 28/28
 27111 | Snake:4  | Received a gift from Okawaru
 28038 | Snake:4  | Received a gift from Okawaru
 28382 | Snake:4  | Got a serpentine rune of Zot
 28971 | Shoals:1 | Entered Level 1 of the Shoals
 29773 | Shoals:2 | Reached skill level 15 in Armour
 29778 | Shoals:2 | Reached XP level 20. HP: 118/153 MP: 30/30
 31014 | Shoals:3 | Noticed Ilsuiw
 31041 | Shoals:3 | Reached skill level 13 in Fighting
 31055 | Shoals:3 | Killed Ilsuiw
 31418 | Shoals:4 | Entered Level 4 of the Shoals
 31494 | Shoals:4 | Found the +10 dark maul {crush}
 31506 | Shoals:4 | Received a gift from Okawaru
 31509 | Shoals:4 | Reached skill level 14 in Fighting
 31509 | Shoals:4 | Reached skill level 15 in Evocations
 31612 | Shoals:4 | Received a gift from Okawaru
 31757 | Shoals:4 | Received a gift from Okawaru
 32287 | Shoals:4 | Reached skill level 15 in Fighting
 32304 | Shoals:4 | Noticed Polyphemus
 32337 | Shoals:4 | Killed Polyphemus
 32631 | Shoals:4 | Got a barnacled rune of Zot
 32934 | Shoals:4 | Received a gift from Okawaru
 33107 | Shoals:4 | Reached XP level 21. HP: 147/170 MP: 32/32
 33115 | Shoals:4 | Reached skill level 16 in Fighting
 33531 | D:3      | Fell from the grace of Okawaru
 33531 | D:3      | Became a worshipper of the Shining One
 33740 | Vaults:1 | Entered Level 1 of the Vaults
 33879 | Vaults:1 | Reached * piety under the Shining One
 33911 | Vaults:1 | Gained mutation: You are robust. (+10% HP) [evolution]
 34417 | Vaults:1 | Found Simuavec's Antique Armour Boutique.
 34907 | Vaults:1 | Reached ** piety under the Shining One
 35730 | Vaults:2 | Reached *** piety under the Shining One
 35750 | Vaults:2 | Noticed Nikola
 35784 | Vaults:2 | Killed Nikola
 36108 | Vaults:2 | Noticed Saint Roka
 36124 | Vaults:2 | Killed Saint Roka
 36197 | Vaults:2 | Found a magical portal.
 36206 | WizLab   | Entered Doroklohe's Tomb
 36334 | WizLab   | Reached **** piety under the Shining One
 36435 | WizLab   | Noticed an ancient lich
 36449 | WizLab   | Reached XP level 22. HP: 62/195 MP: 33/33
 36451 | WizLab   | Killed an ancient lich
 36641 | WizLab   | Gained mutation: Scrolls take you a little longer to read.
                  | [evolution]
 36747 | Vaults:2 | Found a runed translucent door.
 36747 | Vaults:2 | Found a shimmering altar of Xom.
 36747 | Vaults:2 | Noticed Getoffmy's ghost (veteran GrFi)
 36765 | Vaults:2 | Killed Getoffmy's ghost
 36958 | Vaults:2 | Reached ***** piety under the Shining One
 36962 | Vaults:2 | You fall through a shaft for 2 floors!
 37174 | Vaults:2 | Noticed Asterion
 37190 | Vaults:2 | Killed Asterion
 37655 | Vaults:2 | Reached skill level 15 in Dodging
 38058 | Vaults:3 | Found a staircase to the Crypt.
 38474 | Vaults:3 | HP: 5/198 [titan/the air[the fury of Okawaru] (6)]
 38601 | Vaults:3 | Killed from afar by a titan

Skill      XL: |  1  2  3  4  5  6  7  8  9 10 11 12 13 14 15 16 17 18 19 20 21 22 |
---------------+-------------------------------------------------------------------+-----
Shields        | 4 5 6 8 9 10 14 15 | 15.8
Staves         | 3 4 5 6 9 11 12 14 | 14.1
Armour         | 4 6 9 10 11 15 | 15.0
Invocations    | 3 7 8 10 11 13 | 13.0
Fighting       | 8 12 15 16 | 16.7
Crossbows      | 5 6 7 8 10 | 10.0
Dodging        | 6 9 10 13 15 | 15.0
Evocations     | 3 8 9 12 14 15 | 15.1

Action                   |  1- 3 |  4- 6 |  7- 9 | 10-12 | 13-15 | 16-18 | 19-21 | 22-24 || total
-------------------------+-------+-------+-------+-------+-------+-------+-------+-------++-------
Melee: Quarterstaff      |    89 |   183 |   372 |   589 |    21 |    19 |       |       ||  1273
       Lajatang          |       |       |       |   108 |   892 |   771 |  1450 |   421 ||  3642
 Fire: Arbalest          |       |       |       |       |    10 |     3 |   113 |       ||   126
       Hand crossbow     |       |       |       |       |       |    37 |       |       ||    37
Throw: Throwing net      |       |       |     2 |       |       |       |       |       ||     2
Invok: Heroism           |       |       |     2 |     8 |    12 |     2 |     7 |       ||    31
       Finesse           |       |       |       |     2 |     6 |       |     2 |       ||    10
       Cleansing Flame   |       |       |       |       |       |       |       |     7 ||     7
       Divine Shield     |       |       |       |       |       |       |       |     2 ||     2
 Abil: Dig               |       |       |       |     1 |       |       |     6 |       ||     7
       Evoke Invisibilit |       |       |       |       |       |       |     1 |       ||     1
  Use: Scroll            |     3 |     4 |     3 |    15 |    18 |     4 |     2 |     5 ||    54
       Potion            |       |     1 |     1 |       |     4 |     4 |     6 |     3 ||    19
 Stab: Invisible         |       |       |     2 |       |     2 |       |       |       ||     4
       Held in net/web   |       |       |     2 |       |       |       |     5 |       ||     7
       Petrified         |       |       |       |       |    10 |       |     1 |       ||    11
  Eat: Chunk             |       |     6 |    10 |    20 |    20 |    16 |    23 |     5 ||   100
       Ration            |       |       |       |     1 |     3 |     1 |     3 |     1 ||     9
Armor: Scale mail        |    40 |    45 |    44 |       |       |       |       |       ||   129
       Chain mail        |       |       |    32 |    85 |       |       |       |       ||   117
       Plate armour      |       |       |       |    76 |   122 |       |       |       ||   198
       Pearl dragon scal |       |       |       |       |    76 |    99 |   258 |    45 ||   478
Dodge: Dodged            |    28 |    55 |    94 |   116 |   184 |   193 |   577 |   110 ||  1357
Block: Shield            |    38 |   105 |   153 |   390 |   114 |       |       |       ||   800
       Large shield      |       |       |       |       |   757 |  1077 |  2365 |   513 ||  4712
       Reflection        |       |       |       |       |     4 |    92 |   253 |    26 ||   375
